 Dungeon Crawl Stone Soup version 0.17-a0-877-ga10078a (webtiles) character file.

98 FedoraBrony69 the Cudgeler (level 4, 0/40 HPs)
             Began as a Minotaur Berserker on Apr 30, 2015.
             Was a Believer of Trog.
             Slain by a gnoll
             ... wielding a +0 spear
              (7 damage)
             ... on level 3 of the Dungeon.
             The game lasted 00:02:28 (1779 turns).

FedoraBrony69 the Cudgeler (Minotaur Berserker)     Turns: 1779, Time: 00:02:28

Health: 0/40       AC:  3    Str: 22    XL:     4   Next: 43%
Magic:  3/3        EV: 12    Int:  4    God:    Trog [**....]
Gold:   115        SH:  0    Dex: 10    Spells: 0 memorised, 3 levels left

rFire  . . .     SeeInvis .     a - +0 mace
rCold  . . .     Clarity  .     b - +0 animal skin
rNeg   . . .     SustAb   .     (no shield)
rPois  .         Gourm    .     k - +1 hat
rElec  .         Spirit   .     (no cloak)
rCorr  .         Warding  .     (no gloves)
rMut   .         Stasis   .     (no boots)
MR     ++...                    (no amulet)
Stlth  +.........               (no ring)
                                (no ring)

@: regenerating, very resistant to hostile enchantments, very unstealthy
A: retaliatory headbutt, horns 2
a: Burn Spellbooks, Berserk, Trog's Hand, Renounce Religion


You were on level 3 of the Dungeon.
You worshipped Trog.
Trog was pleased with you.
You were not hungry.

You visited 1 branch of the dungeon, and saw 3 of its levels.

You collected 115 gold pieces.

Inventory:

Hand weapons
 a - a +0 mace (weapon)
Armour
 b - a +0 animal skin (worn)
 k - a +1 hat (worn)
Scrolls
 d - 3 scrolls of identify {unknown}
 e - a scroll of enchant weapon {unknown}
 f - 2 scrolls of random uselessness {unknown}
 i - a scroll of recharging {unknown}
 q - a scroll of fear {unknown}
Potions
 g - a potion of heal wounds {unknown}
 h - a potion of invisibility {unknown}
 j - a potion of mutation {unknown}
 n - a potion of flight {unknown}
Comestibles
 c - 4 bread rations
 l - a chunk of flesh
 m - a slice of pizza
 o - 2 fruits
 p - a royal jelly


   Skills:
 + Level 4.2 Fighting
 * Level 5.0 Maces & Flails
 - Level 2.8 Armour
 + Level 3.2 Dodging


You had 3 spell levels left.
You didn't know any spells.

Dungeon Overview and Level Annotations

Branches:
Dungeon (3/15)

Altars:
Fedhas


Innate Abilities, Weirdness & Mutations

You reflexively headbutt those who attack you in melee.
You have a pair of horns on your head.


Message History

The gnoll freezes you.
The gnoll hits you from afar with a spear.
The gnoll closely misses you.
You hit the gnoll but do no damage.
The gnoll is severely wounded.
The gnoll hits you with a whip of freezing!
* * * LOW HITPOINT WARNING * * *
The gnoll freezes you.
* * * LOW HITPOINT WARNING * * *
The gnoll misses you. x2
The gnoll hits you with a whip of freezing.
* * * LOW HITPOINT WARNING * * *
The gnoll freezes you.
* * * LOW HITPOINT WARNING * * *
Use which ability? (? or * to list)
Your skin crawls.
You feel resistant to hostile enchantments.
You feel slightly more hungry. The gnoll closely misses you.
The gnoll hits you with a spear!
You die...

#.. . ##.# . ......# .
#.##..# # ##+# #. #.##..#
# ##...# #.##.##..# #
#.....# #.##.##..# #
#......g## ##.##.##<.###
........@####...#.##.....
.......g.'...............
......g.#(.......#######
.......##.###.#..# ..
#.....# #.# #....# #.#
#...# #.# #.#.## #.# #+#
#.###.#.# # . #.......#
.# #####.### ..


You could see 3 gnolls.

Vanquished Creatures
  5 adders (D:2)
  An ooze (D:1)
  A worm (D:2)
  A giant gecko (D:2)
  3 giant cockroaches
  6 hobgoblins
  5 quokkas (D:2)
  4 bats
  A giant newt (D:3)
  6 goblins (D:1)
  3 kobolds
  8 rats
44 creatures vanquished.

Notes
Turn   | Place    | Note
--------------------------------------------------------------
     0 | D:1      | FedoraBrony69, the Minotaur Berserker, began the quest for the Orb.
     0 | D:1      | Reached XP level 1. HP: 19/19 MP: 0/0
    97 | D:1      | Reached XP level 2. HP: 12/27 MP: 1/1
   113 | D:1      | HP: 1/27 [hobgoblin (4)]
   525 | D:1      | Acquired Trog's second power
   525 | D:1      | Reached skill level 4 in Maces & Flails
   815 | D:2      | Reached XP level 3. HP: 23/33 MP: 2/2
   934 | D:2      | HP: 2/49 [adder (4)]
   939 | D:2      | HP: 1/49 [poisoned by an adder]
  1148 | D:2      | Found a blossoming altar of Fedhas.
  1152 | D:2      | Reached XP level 4. HP: 38/40 MP: 3/3
  1564 | D:2      | Reached skill level 5 in Maces & Flails
  1779 | D:3      | Slain by a gnoll

Action                   |  1- 3 |  4- 6 || total
-------------------------+-------+-------++-------
Melee: Mace              |    67 |    23 ||    90
Invok: Trog's Hand       |     1 |     1 ||     2
       Berserk           |     1 |       ||     1
  Eat: Chunk             |     2 |       ||     2
       Bread ration      |       |     1 ||     1
